 Dungeon Crawl Stone Soup version 0.30.1-9-gdf580d7c3d (webtiles) character file.

Game seed: 4249621007595482693

468 Nonny the Trooper (level 6, -6/62 HPs)
             Began as a Troll Air Elementalist on Oct 7, 2023.
             Was an Initiate of Gozag.
             Mangled by Menkaure (20 damage)
             ... on level 4 of the Dungeon.
             The game lasted 00:12:23 (2175 turns).

Nonny the Trooper (Troll Air Elementalist)          Turns: 2175, Time: 00:12:24

Health: -6/62      AC:  6    Str: 17    XL:     6   Next: 81%
Magic:  7/7        EV:  9    Int: 13    God:    Gozag
Gold:   160        SH:  0    Dex: 10    Spells: 7/8 levels left

rFire   + .          .
                       - Unarmed
rCold   . . .        (no shield)
rNeg    . . .        f - +2 robe {rF+}
rPois   .            (helmet restricted)
rElec   .            (no cloak)
rCorr   .            (gloves unavailable)
SInv    .            (boots unavailable)
Will    .....        (no amulet)
Stlth   ++           (no ring)
HPRegen 1.10/turn    (no ring)
MPRegen 0.10/turn

%: no passive effects
@: gold aura
A: large, unfitting armour, claws 3, regeneration 1, shaggy fur 1, tough skin 1
a: Renounce Religion, Potion Petition, Call Merchant, Bribe Branch


You were on level 4 of the Dungeon.
You worshipped Gozag.
Gozag was aware of your devotion.
You visited 1 branch of the dungeon, and saw 4 of its levels.

You collected 227 gold pieces.
You paid 67 gold pieces to Gozag.

Inventory:

Missiles
 a - 4 poisoned darts
Armour
 f - a +2 robe of fire resistance (worn)
Wands
 c - a wand of charming (7)
 e - a wand of polymorph (10)
Scrolls
 h - a scroll of silence {unknown}
 i - a scroll of magic mapping {unknown}
 m - a scroll of amnesia {unknown}
 n - a scroll of poison {unknown}
Potions
 b - a potion of magic
 d - 2 potions of haste
 g - a potion of mutation {unknown}
 j - a potion of attraction {unknown}
 k - a potion of degeneration {unknown}
 l - a potion of curing {unknown}
 o - a potion of brilliance


   Skills:
 - Level 4.1 Fighting
 - Level 1.5 Dodging
 + Level 2.1 Stealth
 - Level 3.0 Unarmed Combat
 + Level 1.5 Spellcasting
 - Level 0.6 Conjurations
 - Level 2.0 Air Magic


You had 7 spell levels left.
You knew the following spells:

 Your Spells              Type           Power      Damage    Failure   Level
a - Shock                 Conj/Air       16%        1d4       16%         1

Your spell library contained the following spells:

 Spells                   Type           Power      Damage    Failure   Level
 Static Discharge         Conj/Air       8%         2-3/arc   24%         2
 Swiftness                Air            6%         N/A       34%         3
 Hailstorm                Conj/Ice       1%         3d3       56%         3
 Airstrike                Air            3%         2d(1-17)  75%         4
 Ice Form                 Ice/Tmut       1%         N/A       95%         4
 Simulacrum               Ice/Necr       Unusable   N/A       N/A         6

Dungeon Overview and Level Annotations

Branches:
Dungeon (4/15)
 Temple: D:4-7

Altars:
Gozag

Annotations:
D:4 Menkaure


Innate Abilities, Weirdness & Mutations

You are too large for most types of armour.
You have claws for hands.
Your natural rate of healing is unusually fast.
You are covered in fur. (AC +1)
You have tough skin. (AC +1)


Message History

A dart slug comes into view.
You scratch the dart slug. You claw the dart slug.
The dart slug is almost dead.
The dart slug barely misses you.
You scratch the dart slug.
You kill the dart slug!
No target in view!
Okay, then.
You now have 128 gold pieces (gained 7).
You now have 145 gold pieces (gained 17).
You now have 156 gold pieces (gained 11).
A quokka comes into view.
The quokka closely misses you.
You closely miss the quokka.
The quokka bites you but does no damage.
You scratch the quokka.
The quokka is lightly wounded.
The quokka bites you but does no damage. x2
You completely miss the quokka.
The quokka is lightly wounded.
The quokka barely misses you.
You claw the quokka!
You kill the quokka!
No target in view!
No target in view!
You now have 160 gold pieces (gained 4).
Menkaure, Prince of Dust comes into view.
Menkaure shouts!
Menkaure mumbles some strange words.
Menkaure seems to speed up.
Okay, then.
Menkaure calls on the powers of darkness!
Your body is wracked with pain!
You barely miss Menkaure. Menkaure hits you!!
* * * LOW HITPOINT WARNING * * *
You scratch Menkaure.
Menkaure is lightly damaged.
Menkaure hits you!!
You die...
Your body crumbles into a pile of gold.

#.........# #.# #
#.........# #.# #
#.........# #.# #
#.........# #.# #
###...####### #.#
# #.........# #.#
# #.........# #.#
# #.#.......###.#
# #@#...........#
#
#M###########.####
#.# ....... #.#
######. #.. #. ###
#. ########.
#........
#########.#####..


You could see Menkaure (fast).

Vanquished Creatures
  Sigmund (D:3)
  Terence (D:2)
  Jessica (D:3)
  2 orc wizards (D:4)
  Natasha (D:3)
  Robin (D:4)
  8 gnolls
  An adder (D:2)
  A worm (D:2)
  7 dart slugs
  4 orcs
  An endoplasm (D:2)
  2 giant cockroaches
  15 goblins
  6 hobgoblins
  2 jackals (D:2)
  5 quokkas
  4 ball pythons
  5 bats
  2 frilled lizards (D:1)
  8 rats
78 creatures vanquished.

Notes
Turn   | Place    | Note
-------+----------+-------------------------------------------
     0 | D:1      | Nonny the Troll Air Elementalist began the quest for the
                  | Orb.
     0 | D:1      | Reached XP level 1. HP: 16/16 MP: 1/1
   238 | D:1      | Reached skill level 1 in Unarmed Combat
   319 | D:1      | Reached XP level 2. HP: 24/24 MP: 2/2
   748 | D:2      | Reached XP level 3. HP: 28/31 MP: 3/3
   767 | D:2      | Book of the Tundra
   975 | D:2      | Reached skill level 1 in Fighting
  1017 | D:1      | Reached XP level 4. HP: 41/41 MP: 4/4
  1069 | D:1      | Reached skill level 2 in Fighting
  1137 | D:2      | Noticed Terence
  1152 | D:2      | Killed Terence
  1308 | D:3      | OSTAKON WURU - torment
  1309 | D:3      | ruby potion - haste
  1309 | D:3      | CEILOO UKKAOLL - identify
  1310 | D:3      | sapphire potion - brilliance
  1311 | D:3      | VEMUOK XUMAMM - blinking
  1320 | D:3      | RYCIYME ASAK - noise
  1380 | D:3      | Noticed Sigmund
  1405 | D:3      | fizzy coppery potion - flight
  1406 | D:3      | blue potion - heal wounds
  1414 | D:3      | Killed Sigmund
  1415 | D:3      | Reached skill level 4 in Fighting
  1415 | D:3      | Reached XP level 5. HP: 34/54 MP: 5/5
  1415 | D:3      | Reached XP level 6. HP: 39/62 MP: 6/6
  1480 | D:3      | Noticed Jessica
  1497 | D:3      | Killed Jessica
  1521 | D:3      | Jessica has a +2 robe of fire resistance.
  1534 | D:3      | Noticed Natasha
  1541 | D:3      | Killed Natasha
  1842 | D:4      | Noticed Robin
  1885 | D:4      | Killed Robin
  1925 | D:4      | Found an opulent altar of Gozag.
  1931 | D:4      | Became a worshipper of Gozag Ym Sagoz the Greedy
  2170 | D:4      | Noticed Menkaure
  2175 | D:4      | Mangled by Menkaure

Illustrated notes ####### ##...#... ##........ ########......... #...#............ ......[.......... #.................. #.......(..@^..# #...........#### #...........# .. #...#...##..##... #.####......##...#.. #................... # ###....††..###... #.# #.<)...#...... #...#......######. Turn 767 on D:2: Book of the Tundra # ### # #. #.# # .##.###.##.# ....[.... #.#.#.# #.....# ##. ###.#.##.... ###.......# #@....##..# #.........# #.....#.### #.....#.# #.....# # #..#### .... .#... #... Turn 1308 on D:3: OSTAKON WURU - torment # ### # #. #.# # .##.###.##.# ....[.... #.#.#.# #.....# ##. ###.#.##.... ###.......# #@....##..# #.........# #.....#.### #.....#.# #.....# # #..#### .... .#... #... Turn 1309 on D:3: ruby potion - haste # ### # #. #.# # .##.###.##.# ....[.... #.#.#.# #.....# ##. ###.#.##.... ###.......# #@....##..# #.........# #.....#.### #.....#.# #.....# # #..#### .... .#... #... Turn 1310 on D:3: sapphire potion - brilliance ###.#.##.... ###.......# #<....##..# #.........# #.....#.### #.....#.# # # #.....# # #...#.##..####? .......@....... ###..#.#...#### ... #.#....# # #. ....# .. ...... .. ..#.### #.# #.#.# #. .# # Turn 1311 on D:3: VEMUOK XUMAMM - blinking #.....# ##. ###.#.##.... ###.......# #<....##..# #.........# #.....#.### #.....#.# # # #.....#.# #...#.##..####@# ...............# ###..#.#...##### ... #.#....# # #......# .......... .......#.### ##.#.#.#.# #.#.#.#.# Turn 1320 on D:3: RYCIYME ASAK - noise

#.# .... #.... #.#
....#+#... #.#### ###
.......$.. #.##.# #.##
.........######.##.###.##
.........+..........[....
.........######.##.#.#.##
..<.........# #.##.....##
........@...# #.####.#.##
####....@...# #.####.....
######...# #.##<....##
#...# #.##....... #...#
#.##.....#. #...#
#.##.....#.
#.#.###.##.....#.
#.#...#)##..####.
#................


Turn 1405 on D:3: fizzy coppery potion - flight #.# .... #.... #.# ....#+#...
#.#### ### .......$.. #.##.# #.## .........######.##.###.##
.........+..........[.... .........######.##.#.#.## ..<.........# #.##.....##
........@...# #.####.#.## ####....@...# #.####..... ######...# #.##<....## #...#
#.##....... #...# #.##.....#. #...# #.##.....#. #.#.###.##.....#.
#.#...#)##..####. #................ Turn 1406 on D:3: blue potion - heal wounds
.. ...##### .. ......# #. #.....# #+ #..#######.....# .. #.............#.#
#.##...###......# #...# #...#### #####+##...# ###...# .......@##.# #...#
........##.# ##...# ........##.####....##### .........#.........##...
..............#...###... ....................'... ................#.#.#...
........#.......†.#.#... .###.....#.#... Turn 1521 on D:3: Jessica has a +2 robe
of fire resistance.

Levels and vault maps discovered:
D:1:      dpeg_arrival_castle, layout_loops_cross
D:2:      layout_rooms, uniq_terence
D:3:      layout_basic, uniq_natasha, uniq_sigmund, uniq_jessica
D:4:      layout_basic, old_standard_altar, mainiacjoe_overflow_catwalk,
          tgw_xom, minmay_temple_entry_mini_moons, nicolae_elemental_shop,
          corexii_item_surrounded_by_moat, minivault_4, abandoned_shop,
          minmay_statues_item, uniq_menkaure, uniq_robin

Skill      XL: |  1  2  3  4  5  6 |
---------------+-------------------+-----
Unarmed Combat | 1 2 3 |  3.0
Fighting       | 1 4 |  4.1
Stealth        | 2 |  2.1
Dodging        | |  1.5
Spellcasting   | |  1.5
Conjurations   | |  0.6
Air Magic      | |  2.0

Action                     |  1- 3 |  4- 6 || total
---------------------------+-------+-------++-------
  Melee: Unarmed           |    99 |   153 ||   252
         Punch             |     1 |     4 ||     5
   Cast: Shock             |     1 |     3 ||     4
    Use: Scroll            |       |     5 ||     5
         Potion            |       |     3 ||     3
   Stab: Sleeping          |     3 |       ||     3
 Armour: Robe              |    36 |    51 ||    87
         Skin              |       |     3 ||     3
  Dodge: Dodged            |    39 |    62 ||   101
